cohdb
Replays
Latest Replays
All Replays
Popular Replays
Top Player Replays
Match Explorer
How It Works
Community
CoH3 Stats
Reddit
Sign in to upload your games and track your stats! →
Sign in with Steam
Match 40591303
Unlisted
Match 40591303
Overview
Messages
Build Orders
End
Construct Section Command Post
Vickers Machine Gun Team
Selects Australian Defense Battlegroup
Selects Australian Light Infantry Section
Dingo Light Scout Car
Australian Light Infantry Section
Infantry Section
Infantry Section
Infantry Section
Construct Field Infirmary
Construct Platoon Command Post
Unlock Bishop Self-propelled Artillery
Selects CMP 15cwt Supply Run
Bishop Self-propelled Artillery
Lairet
Jd577
Alupigus
huhrmit
CelluliteDelight
Tony
sebastian-
Guan
0
0
Comments
sign in to comment!
No comments posted yet!